AoeStats
← Gorlami

Arabian Desert

509956148Analyzed
1v1 RM · 2d ago on Sep 28, 2026· 40m 31s· 2 players
Game mode
Random Map
Map size
Tiny (2 player)
Population
200
Speed
Normal
Resources
Standard
Victory
Conquest
Starting age
Dark Age
Ending age
Imperial Age
RankedLock teamsTeams togetherTeam positionsShared explorationLock speedFull tech treeHidden civsTurbo modeCheats
Victory
Defeat
🇦🇷 Slavs · Argentina
1916
+20
🇹🇷 Ethiopians · Türkiye
2004
-20
Gorlami
7:00 Loom
9:18 Feudal Age
9:58 Man-at-Arms
13:13 Double-Bit Axe
15:43 Fletching
16:32 Padded Archer Armor
21:54 Castle Age
21:37 Scale Barding Armor
21:22 Horse Collar
22:37 Bodkin Arrow
22:03 Elite Skirmisher
23:26 Bow Saw
28:36 Bloodlines
32:23 Chain Barding Armor
34:19 Leather Archer Armor
38:37 Husbandry
39:31 Wheelbarrow
Maverick_Taha
6:45 Loom
9:03 Feudal Age
9:41 Double-Bit Axe
14:42 Fletching
24:04 Castle Age
23:18 Padded Archer Armor
24:43 Bodkin Arrow
24:23 Crossbowman
Connection lost

Rejoining the realm…

Still unreachable

The connection could not be restored.

Session expired

The server has moved on; the page needs a fresh start.